cohdb
Replays
Latest Replays
All Replays
Popular Replays
Top Player Replays
Match Explorer
How It Works
Community
CoH3 Stats
Reddit
Sign in to upload your games and track your stats! →
Sign in with Steam
Match 40923463
Unlisted
Match 40923463
Overview
Messages
Build Orders
End
Construct Barracks
Selects Special Operations Battlegroup
Selects M29 Weasel Recon Vehicle
M29 Weasel Recon Vehicle
Riflemen Squad
Riflemen Squad
Construct Weapon Support Center
M1919 Machine Gun Team
Selects Smoke Screen
Riflemen Squad
Air Support Center
Improved M9 Bazooka Rockets
Grasshopper Recon Run
Engineer Squad
P-47 Dive Bomb
P-47 Strafing Run
Smoke Screen
Grenade Package
Selects SSF Commando Squad
P-47 Dive Bomb
Grasshopper Recon Run
P-47 Strafing Run
Grasshopper Recon Run
Double Sortie
P-47 Dive Bomb
Air Supremacy
Smoke Screen
M1 Mortar Team
P-47 Strafing Run
Grasshopper Recon Run
Construct Tank Depot
P-47 Strafing Run
Grasshopper Recon Run
Smoke Screen
P-47 Dive Bomb
Selects Assault Operation
Selects Mark Vehicle
Selects UNKNOWN (2162291)
Grasshopper Recon Run
P-47 Strafing Run
M4A1 Sherman Whizbang
P-47 Strafing Run
Grasshopper Recon Run
Smoke Screen
Construct Motor Pool
P-47 Dive Bomb
Grasshopper Recon Run
M1 Anti-tank Gun Team
Engineer Squad
Derek Doon
gAtoR45
peepeepres!dent
CaptainStrong
DaRtH VaDeRX2020
YangXYZ
MADE.IN.IRAQ
Skorzeny
0
0
Comments
sign in to comment!
No comments posted yet!